 Dungeon Crawl Stone Soup version 0.28.0-1-gb440e238dd (webtiles) character file.

Game seed: 14408625572299307036

4700 spaghetti the Cleaver (level 10, 49/76 HPs)
             Began as a Deep Dwarf Artificer on Feb 20, 2022.
             Was a Follower of Elyvilon.
             Quit the game on level 10 of the Dungeon on Feb 21, 2022.
             The game lasted 00:20:45 (8208 turns).

spaghetti the Cleaver (Deep Dwarf Artificer)        Turns: 8208, Time: 00:20:45

Health: 49/76      AC:  5    Str: 20    XL:     10   Next: 21%
Magic:  4/4        EV: 12    Int: 12    God:    Elyvilon [*.....]
Gold:   471        SH:  0    Dex: 17    Spells: 9/9 levels left

rFire   . . .      SeeInvis .   D - +2 war axe (elec)
rCold   . . .      Faith    .   C - orb {mayhem}
rNeg    + . .      Spirit   .   v - +2 robe {rN+}
rPois   .          Reflect  .   (no helmet)
rElec   +          Harm     .   (no cloak)
rCorr   .          Rampage  .   o - +0 pair of gloves
Will    +....                   (no boots)
Stlth   ++........              (no amulet)
HPRegen 0.00/turn               (no ring)
MPRegen 0.09/turn               (no ring)

@: no status effects
A: damage resistance, heal wounds, sense surroundings 2, no regeneration, agile
2, low MP 1, electricity resistance
a: Heal Wounds, Renounce Religion, Purification


You were on level 10 of the Dungeon.
You worshipped Elyvilon.
Elyvilon was aware of your devotion.
You visited 2 branches of the dungeon, and saw 12 of its levels.

You collected 471 gold pieces.

Inventory:

Hand Weapons
 a - a +0 short sword
 i - a +2 dagger of draining
 m - the +6 war axe of Rusk {antimagic, Int+5}
   (You found it on level 2 of the Dungeon)

   It reduces the magical energy of the wielder, and disrupts the spells and
   magical abilities of those it strikes.
   Natural abilities and divine invocations are not affected.
   Int:       It affects your intelligence (+5).
 y - the +7 spear of Checkmate {freeze, Int+5 SInv}
   (You found it on level 7 of the Dungeon)

   It freezes those it strikes, dealing additional cold damage.
   It can also slow down cold-blooded creatures.
   Int:       It affects your intelligence (+5).
   SInv:      It lets you see invisible.
 D - a +2 war axe of electrocution (weapon)
Missiles
 f - 254 stones (quivered)
Armour
 d - a +2 plate armour of cold resistance
 o - a +0 pair of gloves (worn)
 s - a +0 scale mail of poison resistance
 v - a +2 robe of positive energy (worn)
 z - an orb of wrath
 C - an orb of mayhem (worn)
Jewellery
 l - a ring of willpower
 q - a ring of flight
 u - a ring of willpower
Wands
 c - a wand of flame (14)
 j - a wand of polymorph (19)
 x - a wand of iceblast (4)
 A - a wand of acid (12)
Scrolls
 b - a scroll of enchant weapon
 g - 3 scrolls of amnesia
 k - a scroll of enchant armour
 n - 6 scrolls of identify
 r - 2 scrolls of teleportation
 t - a scroll of vulnerability
Potions
 p - 3 potions of curing
Miscellaneous
 e - a piece from Xom's chessboard (4/15)


   Skills:
 - Level 0.9 Fighting
 + Level 11.3 Axes
 + Level 9.9 Throwing
 - Level 2.2 Armour
 - Level 1.1 Dodging
 - Level 1.3 Stealth
 - Level 4.0 Evocations


You had 9 spell levels left.
You didn't know any spells.
Your spell library contained the following spells:

 Spells                   Type           Power      Damage    Failure   Level
 Beastly Appendage        Tmut           0%         N/A       32%         1
 Shock                    Conj/Air       0%         1d3       32%         1
 Corpse Rot               Necr/Air       0%         N/A       45%         2
 Wereblood                Tmut           0%         N/A       45%         2
 Spider Form              Tmut/Pois      0%         N/A       69%         3
 Swiftness                Air            0%         N/A       69%         3
 Airstrike                Air            0%         N/A       97%         4
 Dispel Undead            Necr           0%         3d6       97%         4
 Summon Lightning Spire   Summ/Air       0%         N/A       97%         4
 Lightning Bolt           Conj/Air       0%         1d11      100%        5
 Death Channel            Necr           0%         N/A       100%        6
 Dispersal                Tloc           0%         N/A       100%        6
 Disjunction              Tloc           0%         N/A       100%        8


Dungeon Overview and Level Annotations

Branches:
Dungeon (11/15)            Temple (1/1) D:5            Lair (0/6) D:11
    Orc: D:9-12

Altars:
Ashenzari
Dithmenos
Elyvilon
Fedhas
Gozag
Hepliaklqana
Kikubaaqudgha
Makhleb
Nemelex Xobeh
Okawaru
Qazlal
Ru
Sif Muna
Trog
Uskayaw
Vehumet
Wu Jian
Xom
Yredelemnul
Zin
The Shining One

Shops:
D:1 :   D:7 *

Annotations:
D:5 Edmund
D:8 exclusion: door
D:9 Erica


Innate Abilities, Weirdness & Mutations

You are resistant to damage.
You can heal yourself by infusing magical energy.
You passively map the area around you.
You do not regenerate.
You are very agile. (Dex +4)
Your magical capacity is low. (-10% MP)
You are resistant to electric shocks. (rElec)


Message History

The arrow closely misses you.
The centaur unwields a +0 shortbow.
The centaur closely misses you. The centaur kicks you.
You hit the centaur.
The centaur is almost dead.
The centaur misses you. The centaur closely misses you.
You slash the centaur!
You kill the centaur!
You hit the yak. The yak barely misses you.
You slash the yak! Lightning courses through the yak!
You kill the yak!
Things that are here:
a +0 shortbow; 17 arrows; a centaur corpse
There is a white marble altar of Elyvilon here.
You kneel at the altar of Elyvilon.
You have lost your religion!
Your divine halo fades away.
Elyvilon welcomes you!
The Shining One says: Farewell.
Go and aid the meek with Elyvilon.
You can now purify yourself.
Okay, then.
Things that are here:
a +0 shortbow; 17 arrows; a centaur corpse You now have 471 gold pieces (gained 18).
A shadow is nearby!
You slash the shadow!
The shadow is heavily damaged.
The shadow hits you.
You hit the shadow but do no damage.
The shadow is heavily damaged.
The shadow slips into darkness.
The shadow flickers and vanishes!
Deactivating autopickup; reactivate with Ctrl-A.
You hit something. Lightning courses through something!
Reactivating autopickup.
You feel a bit more experienced.
Found a stone staircase leading up.
Your magical essence is drained by the effort!
You feel much better.
Are you sure you want to abandon this character and quit the game? (Confirm with "yes".)

#...## **#. .. , *,
#.♣..#####.##.. , ,,,
#.............# ## ,* #._.#
#.##...## ...
#...###.##....#..
######)♣.##......... .. , ,
#........##.†# #..###.... ,
# #.####.####..###......<..
* ## ##.##
#......@.....####.# ,
.###...# ######.##.##.# ##.
#......# #.##.##.# .....,
.###...# #.......# #...#*
.# ##### ######.......#
#...# .# ####.......#.##.#
#...# ##
#.....###.......######...##
#
#.....###..#..#.#..........
#####
#.....>.#..##..............


There were no monsters in sight!

Vanquished Creatures
  A two-headed ogre (D:10)
  A hornet (D:8)
  A shadow (D:10)
  Sigmund (D:5)
  6 yaks (D:10)
  Eustachio (D:5)
  A steam dragon (D:8)
  An acid dragon (D:11)
  A sky beast (D:6)
  3 ice beasts
  3 ogres
  2 phantoms
  A centaur (D:10)
  A kobold brigand (D:8)
  A gnoll sergeant (D:10)
  2 wyvern skeletons (D:7)
  2 wights (D:9)
  2 howler monkeys (D:8)
  2 jellies
  2 centaur skeletons (D:6)
  3 hounds
  A bullfrog skeleton (D:6)
  3 orc priests
  Jessica (D:3)
  3 iguanas
  3 orc wizards
  A hound skeleton (D:3)
  A howler monkey zombie (D:8)
  2 gnolls (D:10)
  A howler monkey skeleton (D:7)
  4 adders
  An adder zombie (D:5)
  2 worms
  16 orcs
  7 ball pythons
  3 endoplasms
  5 giant cockroaches
  2 hobgoblins
  6 kobolds
  3 quokkas
  5 bats
  4 frilled lizards
  7 goblins
  5 rats
124 creatures vanquished.

Vanquished Creatures (collateral kills)
  2 yaks (D:10)
  A wight (D:9)
  A howler monkey (D:10)
  A scorpion zombie (D:5)
  An orc wizard (D:8)
  4 orcs
  A kobold (D:8)
11 creatures vanquished.

Vanquished Creatures (others)
  A hornet (D:10)
  2 yaks (D:10)
  A howler monkey (D:8)
  An orc priest (D:8)
  A gnoll (D:10)
  3 orcs (D:8)
9 creatures vanquished.

Grand Total: 144 creatures vanquished

Notes
Turn   | Place    | Note
-------+----------+-------------------------------------------
     0 | D:1      | spaghetti the Deep Dwarf Artificer began the quest for the
                  | Orb.
     0 | D:1      | Reached XP level 1. HP: 16/16 MP: 1/1
    82 | D:1      | Reached skill level 1 in Throwing
   304 | D:1      | Found Jereps's Book Boutique.
   333 | D:1      | Reached XP level 2. HP: 24/24 MP: 2/2
   356 | D:1      | Found a faded altar of an unknown god.
   357 | D:1      | Noticed a golden eye
   360 | D:1      | Noticed a floating eye
   360 | D:1      | Noticed an eye of devastation
   360 | D:1      | Noticed an eye of devastation
   366 | D:1      | Prayed at the altar of an unknown god.
   366 | D:1      | Became a worshipper of the Shining One
   366 | D:1      | Reached * piety under the Shining One
   935 | D:2      | Identified the +6 war axe of Rusk {antimagic, Int+5}
  1019 | D:2      | Reached XP level 3. HP: 15/30 MP: 1/3
  1339 | D:3      | Noticed Jessica
  1346 | D:3      | Killed Jessica
  1347 | D:3      | Reached skill level 1 in Axes
  1383 | D:3      | Reached skill level 2 in Axes
  1383 | D:3      | Reached XP level 4. HP: 24/37 MP: 1/3
  1741 | D:3      | Found a radiant altar of Vehumet.
  1753 | D:3      | Reached XP level 5. HP: 34/43 MP: 1/4
  1754 | D:3      | Reached skill level 3 in Axes
  2529 | D:4      | Noticed a phantom
  2542 | D:4      | Killed a phantom
  2543 | D:4      | Reached skill level 4 in Axes
  2543 | D:4      | Reached XP level 6. HP: 23/50 MP: 1/5
  2931 | D:5      | Entered Level 5 of the Dungeon
  2969 | D:5      | Found a staircase to the Ecumenical Temple.
  2995 | D:5      | Noticed an ice beast
  3000 | D:5      | Killed an ice beast
  3041 | D:5      | Reached ** piety under the Shining One
  3153 | D:5      | Noticed Eustachio
  3230 | D:5      | Reached skill level 5 in Axes
  3246 | D:5      | Reached XP level 7. HP: 36/56 MP: 1/5
  3270 | D:5      | Reached skill level 5 in Throwing
  3294 | D:5      | Noticed Sigmund
  3487 | D:5      | Noticed Edmund
  3520 | D:5      | Found an ornate altar of the Wu Jian Council.
  3659 | D:5      | Killed Sigmund
  3660 | D:5      | Reached skill level 6 in Axes
  4067 | Temple   | Entered the Ecumenical Temple
  4149 | D:5      | Killed Eustachio
  4238 | D:6      | Reached XP level 8. HP: 41/63 MP: 2/6
  4390 | D:6      | Reached skill level 7 in Axes
  4418 | D:6      | Found a burning altar of Makhleb.
  4586 | D:7      | Found a flagged portal.
  4616 | D:7      | Identified the +7 spear of Checkmate {freeze, Int+5 SInv}
  5024 | D:7      | Reached skill level 8 in Axes
  5062 | D:7      | Found Yvytief's Assorted Antiques.
  5720 | D:8      | Noticed a hornet
  5818 | D:8      | Gained mutation: Your magical capacity is low. (-10% MP)
                  | [potion of mutation]
  5818 | D:8      | Gained mutation: You are resistant to electric shocks.
                  | (rElec) [potion of mutation]
  5818 | D:8      | Gained mutation: You are agile. (Dex +2) [potion of
                  | mutation]
  5818 | D:8      | Gained mutation: You are very agile. (Dex +4) [potion of
                  | mutation]
  5862 | D:8      | Gained mutation: You passively map the area around you.
                  | [Deep Dwarf growth]
  5862 | D:8      | Reached XP level 9. HP: 41/69 MP: 2/6
  6537 | D:8      | Found a glowing golden altar of the Shining One.
  6539 | D:8      | Found an ancient bone altar of Kikubaaqudgha.
  6553 | D:8      | Found a hazy altar of Hepliaklqana.
  6852 | D:8      | Reached skill level 9 in Axes
  6903 | D:9      | Reached *** piety under the Shining One
  7420 | D:9      | Noticed Erica
  7508 | D:10     | Entered Level 10 of the Dungeon
  7515 | D:10     | Noticed a two-headed ogre
  7630 | D:10     | Noticed a two-headed ogre
  7866 | D:10     | Killed a two-headed ogre
  7867 | D:10     | Reached skill level 10 in Axes
  7870 | D:10     | The Shining One protects you from harm!
  7907 | D:10     | Reached XP level 10. HP: 28/76 MP: 5/5
  8107 | D:10     | Reached skill level 11 in Axes
  8113 | D:10     | Found a white marble altar of Elyvilon.
  8127 | D:10     | Fell from the grace of the Shining One
  8127 | D:10     | Became a worshipper of Elyvilon the Healer
  8127 | D:10     | Reached * piety under Elyvilon
  8208 | D:10     | Quit the game

Illustrated notes

Levels and vault maps discovered:
D:1:      nzn_arrival_settlement, layout_loops_cross,
          hellmonk_ecumenical_altar_watching_god, serial_shops, shop,
          minmay_misc_feat_x, minmay_large_rounded_square
D:2:      layout_rooms
D:3:      layout_loops_ring, vehumet_crystals, uniq_jessica
D:4:      layout_basic, hangedman_decor_points, minmay_circle_x
D:5:      layout_loops_ring, nzn_wu_jian_council_hall,
          minmay_temple_entry_junction_2, uniq_eustachio, uniq_edmund,
          uniq_sigmund
D:6:      layout_cave_pools, old_standard_altar, kennysheep_donut,
          grunt_ministairs_11
D:7:      layout_basic, serial_shops, shop_statue, enter_bailey_2
D:8:      layout_loops_corners, nicolae_overflow_hidden_temple
D:9:      hangedman_cross_veins, layout_layer_cave,
          mainiacjoe_overflow_alcove_4, serial_shops, shop, uniq_erica
D:10:     layout_loops_cross, mainiacjoe_overflow_tiny_flanked, st_stairs_10,
          uniq_harold
D:11:     layout_loops_corners, grunt_lair_entry_orc_guard_hut,
          zombieorc2_lemuel, uniq_snorg, uniq_urug
Temple:   eino_temple_lava

Skill      XL: |  1  2  3  4  5  6  7  8  9 10 |
---------------+-------------------------------+-----
Throwing       | 1 2 3 4 6 7 9 |  9.9
Axes           | 2 4 5 6 8 10 11 | 11.3
Fighting       | |  0.9
Armour         | |  2.2
Dodging        | |  1.1
Stealth        | |  1.3
Evocations     | |  4.0

Action                   |  1- 3 |  4- 6 |  7- 9 | 10-12 || total
-------------------------+-------+-------+-------+-------++-------
Melee: Club              |    12 |       |       |       ||    12
       Short sword       |    31 |       |       |       ||    31
       War axe           |    24 |    76 |   158 |    15 ||   273
       Dagger            |     1 |       |       |       ||     1
Throw: Stone             |    34 |    21 |    66 |       ||   121
 Abil: Heal Wounds       |     2 |     3 |    16 |     2 ||    23
Evoke: Wand              |     1 |     3 |    14 |       ||    18
       Piece from Xom's  |     2 |     4 |    18 |       ||    24
  Use: Scroll            |     3 |     2 |     5 |       ||    10
       Potion            |     3 |     2 |     8 |       ||    13
Armor: Leather armour    |    22 |    16 |       |       ||    38
       Robe              |       |       |    43 |       ||    43
Dodge: Dodged            |    44 |    35 |   109 |     7 ||   195
